 Dungeon Crawl Stone Soup version 0.30.0-29-ga12c61a403 (webtiles) character file.

Game seed: 12346139286656789140

20 cheesebisquit the Chopper (level 2, 31/31 HPs)
             Began as an Ogre Gladiator on June 12, 2023.
             Quit the game on level 2 of the Dungeon.
             The game lasted 00:02:24 (441 turns).

cheesebisquit the Chopper (Ogre Gladiator)           Turns: 441, Time: 00:02:25

Health: 31/31      AC:  3    Str: 17    XL:     2   Next: 79%
Magic:  2/2        EV: 10    Int:  9    God:
Gold:   88         SH:  0    Dex: 10    Spells: 1/1 levels left

rFire   . . .        a - +0 war axe
rCold   . . .        (no shield)
rNeg    . . .        b - +0 robe
rPois   .            c - +0 hat
rElec   .            (no cloak)
rCorr   .            (gloves unavailable)
SInv    .            (boots unavailable)
Will    .....        (no amulet)
Stlth   +            (no ring)
HPRegen 0.25/turn    (no ring)
MPRegen 0.08/turn

%: no passive effects
@: no status effects
A: large, unfitting armour, tough skin 1
a: no special abilities


You were on level 2 of the Dungeon.
You visited 1 branch of the dungeon, and saw 2 of its levels.

You collected 88 gold pieces.

Inventory:

Hand Weapons
 a - a +0 war axe (weapon)
Missiles
 d - 3 throwing nets (quivered)
 e - a large rock
Armour
 b - a +0 robe (worn)
 c - a +0 hat (worn)
Scrolls
 g - a scroll of magic mapping {unknown}
 i - a scroll of identify {unknown}
 j - a scroll of immolation {unknown}
 k - a scroll of vulnerability {unknown}
Potions
 f - 2 potions of flight {unknown}
 h - 2 potions of degeneration {unknown}


   Skills:
 + Level 3.3 Fighting
 * Level 3.7 Axes
 - Level 2.0 Throwing
 - Level 2.6 Dodging


You had one spell level left.
You didn't know any spells.
Your spell library contained the following spells:

 Spells                   Type           Power      Damage    Failure   Level
 Tukima's Dance           Hex            0%         N/A       77%         3
 Passage of Golubria      Tloc           0%         N/A       99%         4
 Yara's Violent Unravell  Hex/Tmut       0%         3d3       100%        5


Dungeon Overview and Level Annotations

Branches:
Dungeon (2/15)

Altars:


Innate Abilities, Weirdness & Mutations

You are too large for most types of armour.
You have tough skin. (AC +1)


Message History

No target in view!
No target in view!
A bat comes into view.
The bat hits you but does no damage. The bat hits you but does no damage.
The bat barely misses you. x2
You hit the bat.
You kill the bat!
No target in view!
No target in view!
No target in view!
No target in view!
No target in view!
You see here a bat corpse.
Found an escape hatch in the floor.
There is an escape hatch in the floor here.
You see here a rat skeleton.
Done exploring.
Done exploring.
There is a stone staircase leading down here.
You climb downwards.
Found Great Wizards, Vol.
VII and a scroll labelled NULE BU COPNAM.
Found a stone staircase leading down.
There is a stone staircase leading up here.
A kobold comes into view. It is wielding a +0 dagger.
You hit the quokka.
The quokka is almost dead.
The quokka closely misses you. The quokka barely misses you.
You hit the quokka.
You kill the quokka!
You hit the kobold.
You kill the kobold!
No target in view!
No target in view!
No target in view!
You pick up Great Wizards, Vol.
VII and begin reading...
You add the spells Tukima's Dance, Passage of Golubria and Yara's Violent Unravelling to your library.
There is a stone staircase leading down here.
k - a scroll labelled NULE BU COPNAM Are you sure you want to abandon this character and quit the game? (Confirm with "yes".)

.# .# # .##.
########...
#........#
#..@..)..#
#........######
#..............
#...>..<.#####
#........#
########.# .#
##


There were no monsters in sight!

Vanquished Creatures
  A dart slug (D:1)
  An endoplasm (D:1)
  2 giant cockroaches (D:1)
  2 hobgoblins (D:1)
  2 kobolds
  A quokka (D:2)
  4 ball pythons (D:1)
  2 bats (D:1)
  A frilled lizard (D:1)
  2 rats (D:1)
18 creatures vanquished.

Notes
Turn   | Place    | Note
-------+----------+-------------------------------------------
     0 | D:1      | cheesebisquit the Ogre Gladiator began the quest for the
                  | Orb.
     0 | D:1      | Reached XP level 1. HP: 22/22 MP: 1/1
   164 | D:1      | Reached XP level 2. HP: 29/31 MP: 2/2
   441 | D:2      | Quit the game

Illustrated notes

Levels and vault maps discovered:
D:1:      psy_arrival_whirlpool, layout_rooms
D:2:      layout_rooms, basic_altar

Skill      XL: |  1 |
---------------+----+-----
Fighting       | 3 |  3.3
Axes           | |  3.7
Throwing       | |  2.0
Dodging        | |  2.6

Action                     || total
---------------------------++-------
  Melee: War axe           ||    42
         Punch             ||     1
   Stab: Sleeping          ||     1
 Armour: Robe              ||    23
  Dodge: Dodged            ||    25
